 Dungeon Crawl Stone Soup version 0.23-a0-395-gcf17ac6 (webtiles) character file.

154330 iamserjio the Nimble (level 17, -4/125 HPs)
             Began as an Octopode Gladiator on Nov 1, 2018.
             Was the Champion of Okawaru.
             Killed from afar by a deep elf annihilator (52 damage)
             ... with an iron shot
             ... on level 3 of the Elven Halls.
             The game lasted 02:11:38 (38663 turns).

iamserjio the Nimble (Octopode Gladiator)          Turns: 38663, Time: 02:11:38

Health: -4/125     AC:  7    Str: 18    XL:     17   Next: 62%
Magic:  31/31      EV: 31    Int: 13    God:    Okawaru [******]
Gold:   1330       SH:  9    Dex: 18    Spells: 15/37 levels left

rFire    . . .     SeeInvis .   n - +3 scimitar (flame)
rCold    + + .     Gourm    .   D - +2 buckler of Okawaru's Envy {MR+ rCorr Dex+2}
rNeg     . . .     Faith    .   b - +2 hat
rPois    .         Spirit   .   r - amulet of regeneration
rElec    .         Reflect  .   g - ring of resist corrosion
rCorr    +         Harm     .   z - ring of protection from cold
MR       ++...                  E - +3 ring of strength
Stlth    +++++.....             h - ring of protection from cold
HPRegen  0.70/turn              M - +2 ring of evasion
MPRegen  0.22/turn              j - ring of wizardry
                                V - +4 ring of protection
                                (no ring)

@: heroism
A: almost no armour, stealthy swim, amphibious, 8 rings, constrict 8, camouflage
1, gelatinous body 1
a: Heroism, Finesse, Renounce Religion


You were on level 3 of the Elven Halls.
You worshipped Okawaru.
Okawaru was exalted by your worship.
You were not hungry.

You visited 5 branches of the dungeon, and saw 27 of its levels.
You visited 1 bazaar.

You collected 3223 gold pieces.
You spent 1893 gold pieces at shops.

Inventory:

Hand Weapons
 n - a +3 scimitar of flaming (weapon)
 P - the +6 rapier of Rooxocsamul {pierce, MR+ Str+4 SInv}
   (You bought it in a shop on level 11 of the Dungeon)

   It inflicts extra damage upon your enemies.
   It affects your strength (+4).
   It affects your resistance to hostile enchantments.
   It lets you see invisible.
Missiles
 c - 6 throwing nets {!f}
 w - 4 silver javelins
 C - 5 javelins of penetration (quivered)
 Y - 2 javelins of returning
Armour
 b - a +2 hat (worn)
 D - the +2 buckler of Okawaru's Envy (worn) {MR+ rCorr Dex+2}
   (Okawaru gifted it to you on level 1 of the Lair of Beasts)

   It affects your dexterity (+2).
   It affects your resistance to hostile enchantments.
   It provides partial protection from all sources of acid and corrosion.
 G - a +1 buckler of fire resistance
Magical Staves
 f - an uncursed staff of air
Jewellery
 g - a ring of resist corrosion (left tentacle)
 h - a ring of protection from cold (on tentacle)
 j - a ring of wizardry (on tentacle)
 k - a +4 ring of strength
 r - an amulet of regeneration (around mantle)
 z - a ring of protection from cold (right tentacle)
 E - a +3 ring of strength (on tentacle)
 M - a +2 ring of evasion (on tentacle)
 V - a +4 ring of protection (on tentacle)
Wands
 a - a wand of digging (4)
 m - a wand of polymorph (4)
 v - a wand of acid (16)
 A - a wand of iceblast (18)
 R - a wand of paralysis (14)
 S - a wand of disintegration (12)
 X - a wand of enslavement (5)
Scrolls
 o - a scroll of fear
 p - 9 scrolls of teleportation
 q - a scroll of enchant weapon
 s - a scroll of summoning
 t - 4 scrolls of fog
 y - 5 scrolls of magic mapping
 H - 2 scrolls of holy word
 J - a scroll of immolation
 L - 2 scrolls of silence
 T - 4 scrolls of vulnerability
 U - 5 scrolls of remove curse {@r2}
Potions
 i - 5 potions of haste
 l - a potion of cancellation
 u - 5 potions of ambrosia
 x - a potion of might
 B - 2 potions of curing {@q1}
 F - 5 potions of mutation
 I - a potion of lignification
 K - 3 potions of brilliance
 N - a potion of agility
 W - a potion of magic
 Z - a potion of invisibility
Miscellaneous
 O - a fan of gales
 Q - a phial of floods (inert)
Comestibles
 d - 32 rations


   Skills:
 * Level 14.1(19.1) Fighting
 - Level 9.0(14.0) Long Blades
 - Level 5.0(10.0) Throwing
 + Level 14.5(19.5) Dodging
 - Level 2.1(7.1) Stealth
 - Level 4.0(9.0) Shields
 + Level 10.6 Spellcasting
 - Level 1.0 Conjurations
 + Level 3.0 Summonings
 - Level 8.0 Necromancy
 * Level 4.5 Transmutations
 - Level 3.0 Air Magic
 - Level 11.0 Earth Magic
 - Level 2.0 Poison Magic
 - Level 5.0 Invocations
 + Level 11.1 Evocations


You had 15 spell levels left.
You knew the following spells:

 Your Spells              Type           Power        Failure   Level  Hunger
a - Mephitic Cloud        Conj/Pois/Air  ##......     6%          3    #......
b - Animate Skeleton      Necr           N/A          1%          1    None
c - Confusing Touch       Hex            #.....       4%          1    None
d - Statue Form           Tmut/Erth      ####.....    26%         6    ######.
e - Summon Butterflies    Summ           ##......     1%          1    None
f - Borgnjor's Vile Clut  Necr/Erth      ####......   2%          5    #####..
g - Animate Dead          Necr           N/A          1%          4    ###....
h - Apportation           Tloc           #.....       4%          1    None

Your spell library contained the following spells:

 Spells                   Type           Power        Failure   Level  Hunger
 Beastly Appendage        Tmut           ###...       1%          1    None
 Summon Small Mammal      Summ           ##..         1%          1    None
 Sticks to Snakes         Tmut           ###.....     1%          2    None
 Magic Dart               Conj           #...         2%          1    None
 Sting                    Conj/Pois      ##..         2%          1    None
 Poisonous Vapours        Pois/Air       ##....       2%          2    None
 Spider Form              Tmut/Pois      ###.......   3%          3    #......
 Searing Ray              Conj           #.....       4%          2    None
 Recall                   Summ/Tloc      N/A          7%          3    #......
 Dazzling Spray           Conj/Hex       #.....       11%         3    #......
 Lesser Beckoning         Tloc           #.........   13%         3    #......
 Tukima's Dance           Hex            #.......     13%         3    #......
 Ice Form                 Ice/Tmut       ##......     16%         4    ###....
 Blade Hands              Tmut           ###.......   17%         5    #####..
 Olgreb's Toxic Radiance  Pois           ##......     19%         4    ###....
 Death Channel            Necr           ####......   24%         6    ######.
 Iskenderun's Mystic Bla  Conj           #.......     26%         4    ###....
 Alistair's Intoxication  Tmut/Pois      ###.....     28%         5    #####..
 Force Lance              Conj/Tloc      #.......     32%         4    ###....
 Fulminant Prism          Conj/Hex       #.........   32%         4    ###....
 Irradiate                Conj/Tmut      ##........   34%         5    #####..
 Cause Fear               Hex            #.........   38%         4    ###....
 Yara's Violent Unravell  Hex/Tmut       ##........   41%         5    #####..
 Venom Bolt               Conj/Pois      ##........   50%         5    #####..
 Silence                  Hex/Air        ##........   52%         5    #####..
 Hydra Form               Tmut           ###.......   65%         6    ######.
 Simulacrum               Ice/Necr       ###.......   75%         6    ######.
 Deflect Missiles         Chrm/Air       ##........   96%         6    ######.
 Invisibility             Hex            #.......     99%         6    ######.
 Dragon Form              Tmut           ###.......   99%         7    #######
 Discord                  Hex            #.........   100%        8    #######


Dungeon Overview and Level Annotations

Branches:
Dungeon (15/15)            Temple (1/1) D:4            Lair (6/6) D:10
 Shoals (0/4) Lair:2       Spider (0/4) Lair:4        Slime (0/5) Lair:5
    Orc (2/2) D:10            Elf (3/3) Orc:2        Vaults (0/5) D:13
 Depths (0/5) D:15

Altars:
Ashenzari
Cheibriados
Dithmenos
Elyvilon
Fedhas
Gozag
Hepliaklqana
Kikubaaqudgha
Makhleb
Nemelex Xobeh
Okawaru
Qazlal
Ru
Sif Muna
Trog
Uskayaw
Vehumet
Wu Jian
Xom
Yredelemnul
Zin
The Shining One
Beogh
Jiyva

Shops:
D:4 *   D:11 (   Orc:1 *   Orc:2 ![(}   Elf:1 ::[*   Elf:2 [   Elf:3 =*[

Portals:
Trove: D:10 (give 6 scrolls of blinking)

Annotations:
D:6 1 exclusion
D:11 2 transporters, ThereIsNoGod's ghost, journeyman OpFi
Lair:1 3 runed doors, 1 exclusion, Oxuza's ghost, novice FeVM; Uptarox's ghost, journeyman DECj
Elf:1 3 runed doors
Elf:2 2 runed doors


Innate Abilities, Weirdness & Mutations

You cannot wear most types of armour.
You are very stealthy in the water. (Stealth+)
You are amphibious.
You can wear up to eight rings at the same time.
You can use your tentacles to constrict eight enemies at once.
Your skin changes colour to match your surroundings (Stealth+).
Your rubbery body absorbs attacks. (AC +1, EV +1)


Message History

You completely miss the deep elf mage. Your grab misses the deep elf mage.
Your squeeze misses the deep elf mage. You constrict the deep elf mage.
The deep elf annihilator casts a spell.
The deep elf annihilator blinks!
The deep elf mage closely misses you.
You riposte.
You slash the deep elf mage! You burn the deep elf mage.
You kill the deep elf mage!
Okawaru accepts your kill.
The deep elf archer dissolves into shadows!
The deep elf mage dissolves into shadows!
You miss the deep elf mage. Your grab misses the deep elf mage.
The deep elf mage hits you with a +0 long sword.
The deep elf annihilator points at you and mumbles some strange words.
The iron shot hits you!
You closely miss the deep elf mage. Your grab misses the deep elf mage.
You closely miss the deep elf mage. You grab the deep elf mage.
You squeeze the deep elf mage, but do no damage.
You constrict the deep elf mage. The deep elf mage misses you.
The deep elf annihilator points at you and mumbles some strange words.
The iron shot hits you!
You die...

..........#**,,**,,**,,*#..#*,,**
######.##.###############..#*****
#......###.#.##.#(.((..))..#
.......####..##(e####.#.(.##
........# ##.##(## ##....##
.......## #))e)## ##.e....#
#......#####.).#.###.#....######
###.##.##.##.##.#e#(####.......##
#.##.#.....###@#)## #........#
#.##.......# ##)#.## #........#
###)##.......###.#.#.###........#
.............##.###.#.##e.......#
###.##.......#.## ##.#.#.#.....##
###.##.....#..## ##.#..#######
.##.##.##.##.## ##.#.##
#.#.#.∩####..# ##..e####
##...#.#*#.#.# ##.#.<.##


You could see a deep elf annihilator and a deep elf mage.

Vanquished Creatures
  Saint Roka (Orc:2)
  2 deep elf sorcerers
  A frost giant (D:14)
  An orc warlord (Orc:2)
  3 deep elf elementalists
  3 deep elf demonologists
  5 deep elf annihilators
  A deep elf death mage (Elf:3)
  A deep elf high priest (Elf:3)
  An ettin (Orc:1)
  A vault guard (D:10)
  4 hydras
  Fannar (Orc:1)
  Erolcha (D:13)
  5 two-headed ogres
  A catoblepas (D:15)
  4 centaur warriors
  A merfolk avatar (Lair:6)
  13 dancing weapons
  A death knight (D:15)
  A deep troll earth mage (D:14)
  A tengu warrior (D:14)
  An orc high priest (Orc:1)
  21 deep elf knights
  Urug (D:11)
  Sonja (Lair:1)
  A skeletal warrior (D:15)
  An unseen horror (D:13)
  A sea snake (Lair:6)
  19 deep elf archers
  A phantasmal warrior (D:15)
  A glowing orange brain (D:14)
  A wizard (D:13)
  2 orc knights
  5 orc sorcerers
  5 ugly things
  5 manticores
  A necromancer (D:15)
  A shadow dragon skeleton (D:15)
  46 deep elf magi
  11 elephants
  A cyclops (D:11)
  3 centaur zombies
  Joseph (D:11)
  Maurice (Orc:2)
  4 black mambas
  2 gargoyles
  5 spiny frogs
  A freezing wraith (D:15)
  5 rime drakes
  An efreet (D:15)
  4 yaktaurs (D:15)
  A yaktaur zombie (D:15)
  6 komodo dragons
  6 jumping spiders (Lair:4)
  A merfolk (D:10)
  5 trolls
  7 hornets
  A meliai (D:13)
  An ettin zombie (D:15)
  5 polar bears
  A wind drake (Lair:5)
  8 slime creatures (D:15)
  A hippogriff (shapeshifter) (D:14)
  3 blink frogs (Lair:2)
  7 hippogriffs
  Duvessa (D:7)
  11 dream sheep (Lair:6)
  A deep troll zombie (D:15)
  A centaur simulacrum (D:13)
  A tarantella (shapeshifter) (D:13)
  2 redbacks (Lair:4)
  6 water elementals
  5 air elementals
  2 shadows
  5 wyverns
  A vampire (D:12)
  5 wraiths
  41 yaks
  A fire elemental (Elf:2)
  3 basilisks
  A human (D:10)
  2 hungry ghosts
  2 vampire mosquitoes (D:13)
  3 acid dragons
  12 water moccasins
  7 wargs
  9 porcupines
  A soldier ant (D:12)
  47 orc warriors
  4 ice beasts
  4 sky beasts
  2 hornet zombies
  11 ogres
  A black bear (Lair:1)
  3 phantoms
  An eye of draining (D:8)
  15 wolves
  5 centaurs
  9 crocodiles
  3 big kobolds
  4 earth elementals
  12 bullfrogs
  2 scorpions
  3 wights (D:15)
  14 killer bees
  3 howler monkeys
  3 electric eels
  9 crimson imps
  3 bullfrog zombies
  9 hounds
  A quasit (D:10)
  3 jellies
  30 orc priests
  5 bullfrog skeletons
  3 centaur skeletons
  5 iguanas
  23 orc wizards
  10 worker ants
  A killer bee zombie (D:6)
  A bullfrog simulacrum (D:12)
  3 hound zombies
  3 hound skeletons
  A howler monkey zombie (D:6)
  A worker ant zombie (D:8)
  16 adders
  A shadow imp (D:10)
  2 oozes
  2 adder skeletons
  3 worms
  7 dart slugs
  3 leopard geckos
  117 orcs
  A ball python (D:5)
  4 giant cockroaches
  11 hobgoblins
  16 jackals
  12 kobolds
  11 quokkas
  5 bats
  5 frilled lizards
  9 goblins
  A jackal skeleton (D:5)
  2 leopard gecko skeletons
  A leopard gecko zombie (D:6)
  A quokka zombie (D:6)
  8 rats
877 creatures vanquished.

Vanquished Creatures (collateral kills)
  An orc warlord (Orc:2)
  A yaktaur captain (D:14)
  A hydra (D:15)
  A skeletal warrior (D:15)
  A deep elf archer (Elf:3)
  An orc knight (Orc:2)
  An orc sorcerer (Orc:2)
  2 elephants
  A centaur skeleton (D:15)
  4 spiny frogs
  3 komodo dragons
  A troll (Orc:2)
  A jumping spider (Lair:4)
  A slime creature (D:15)
  A hornet (Lair:6)
  A hippogriff (D:15)
  3 yaks
  2 water moccasins (Lair:6)
  3 porcupines
  2 orc warriors
  A phantom (D:13)
  A wolf (Lair:4)
  An ogre (D:10)
  2 crocodiles (Lair:1)
  4 bullfrogs
  Dowan (D:7)
  2 howler monkeys (D:13)
  A bullfrog zombie (D:11)
  4 orc priests
  4 orc wizards
  A worker ant (D:10)
  10 orcs
  A goblin (D:10)
  A fungus (Lair:5)
  2 plants
68 creatures vanquished.

Vanquished Creatures (others)
  2 deep elf knights (Elf:3)
  A deep elf archer (Elf:3)
  2 deep elf magi
  A spiny frog (Lair:6)
  A wyvern (D:13)
  A bullfrog (D:13)
  20 fungi
  12 plants
  4 withered plants (Lair:1)
44 creatures vanquished.

Grand Total: 989 creatures vanquished

Notes
Turn   | Place    | Note
-------+----------+-------------------------------------------
     0 | D:1      | iamserjio the Octopode Gladiator began the quest for the
                  | Orb.
     0 | D:1      | Reached XP level 1. HP: 14/14 MP: 1/1
    92 | D:1      | Reached XP level 2. HP: 15/19 MP: 2/2
   704 | D:1      | Reached XP level 3. HP: 24/25 MP: 3/3
  1441 | D:2      | Reached XP level 4. HP: 28/30 MP: 4/4
  2047 | D:2      | Reached XP level 5. HP: 19/36 MP: 5/5
  2305 | D:2      | Found a bloodstained altar of Trog.
  2306 | D:2      | Found a snail-covered altar of Cheibriados.
  2871 | D:3      | Reached skill level 5 in Dodging
  3217 | D:3      | Found a faded altar of an unknown god.
  3323 | D:3      | Reached XP level 6. HP: 42/42 MP: 6/6
  4089 | D:4      | Found a staircase to the Ecumenical Temple.
  4098 | Temple   | Entered the Ecumenical Temple
  4768 | D:4      | Reached XP level 7. HP: 29/48 MP: 7/7
  4960 | D:4      | Found Noivof's Assorted Antiques.
  4969 | D:4      | Bought a crooked silver wand for 100 gold pieces
  4969 | D:4      | Bought a crooked bone wand for 100 gold pieces
  5113 | D:5      | Entered Level 5 of the Dungeon
  5263 | D:4      | Found Noivof's Assorted Antiques.
  5317 | D:4      | Found a staircase to the Ecumenical Temple.
  5458 | D:4      | Reached skill level 1 in Evocations
  5515 | D:4      | Reached skill level 5 in Long Blades
  5872 | D:5      | Reached XP level 8. HP: 54/54 MP: 9/9
  6461 | D:6      | Reached skill level 5 in Fighting
  6877 | D:6      | Found a snail-covered altar of Cheibriados.
  7376 | D:6      | Noticed a hornet
  7380 | D:6      | Killed a hornet
  7380 | D:6      | Reached XP level 9. HP: 55/61 MP: 10/12
  7982 | D:7      | Found an iron altar of Okawaru.
  7990 | D:7      | Became a worshipper of Warmaster Okawaru
  8297 | D:7      | Noticed Dowan
  8298 | D:7      | Noticed Duvessa
  8381 | D:7      | Killed Dowan
  8886 | D:6      | Reached * piety under Okawaru
  9249 | D:8      | Reached skill level 5 in Evocations
  9301 | D:8      | Found a sparkling altar of Nemelex Xobeh.
  9311 | D:8      | Reached skill level 1 in Invocations
  9733 | D:8      | Found a hide-covered altar of Uskayaw.
  9819 | D:8      | Reached XP level 10. HP: 52/69 MP: 11/14
 10321 | D:9      | Noticed a two-headed ogre
 10942 | D:9      | Learned a level 3 spell: Mephitic Cloud
 11787 | D:9      | Killed a two-headed ogre
 11787 | D:9      | Reached ** piety under Okawaru
 11787 | D:9      | Reached skill level 1 in Poison Magic
 11976 | D:7      | Killed Duvessa
 11976 | D:7      | Reached skill level 10 in Dodging
 11976 | D:7      | Reached skill level 1 in Shields
 11976 | D:7      | Reached skill level 1 in Conjurations
 11976 | D:7      | Reached skill level 1 in Air Magic
 12150 | D:7      | Reached skill level 1 in Spellcasting
 12351 | D:6      | Reached *** piety under Okawaru
 12590 | D:7      | Learned a level 1 spell: Animate Skeleton
 12592 | D:7      | Learned a level 1 spell: Confusing Touch
 12599 | D:7      | Learned a level 6 spell: Statue Form
 12714 | D:4      | Bought a lumpy bone amulet for 125 gold pieces
 12714 | D:4      | Bought a green potion for 22 gold pieces
 12714 | D:4      | Bought a potion of curing for 75 gold pieces
 12725 | D:4      | Bought a scroll of identify for 50 gold pieces
 12946 | D:10     | Entered Level 10 of the Dungeon
 13321 | D:10     | Noticed a cyan ugly thing
 13347 | D:10     | Reached skill level 1 in Necromancy
 13474 | D:10     | Found a staircase to the Orcish Mines.
 13511 | D:10     | Killed a cyan ugly thing
 13511 | D:10     | Reached XP level 11. HP: 70/75 MP: 12/15
 13865 | D:10     | Found a staircase to the Lair.
 14284 | D:10     | Reached **** piety under Okawaru
 14629 | D:10     | Noticed a vault guard
 14646 | D:10     | Killed a vault guard
 14798 | D:10     | Found a portal to a secret trove of treasure.
 14863 | D:10     | Noticed a two-headed ogre
 14876 | D:10     | Killed a two-headed ogre
 15045 | D:11     | Noticed an orc knight
 15045 | D:11     | Noticed a cyclops
 15046 | D:11     | Noticed Joseph
 15084 | D:11     | Found a transporter.
 15086 | D:11     | Noticed ThereIsNoGod's ghost (journeyman OpFi)
 15086 | D:11     | Noticed a tengu reaver
 15359 | D:10     | Reached skill level 1 in Earth Magic
 15502 | D:11     | Noticed Urug
 15549 | D:11     | Killed Joseph
 15554 | D:11     | Killed Urug
 15647 | D:11     | Noticed a deep elf knight
 15652 | D:11     | Noticed a runed double sword
 15655 | D:11     | Noticed a seven-headed hydra
 15659 | D:11     | Noticed a deep elf knight
 15695 | Lair:1   | Entered Level 1 of the Lair of Beasts
 15979 | Lair:1   | Reached XP level 12. HP: 44/84 MP: 17/17
 16174 | Lair:1   | Learned a level 1 spell: Summon Butterflies
 16180 | Lair:1   | Learned a level 5 spell: Borgnjor's Vile Clutch
 16261 | Lair:1   | Noticed Sonja
 16281 | Lair:1   | Killed Sonja
 16281 | Lair:1   | Received a gift from Okawaru
 16422 | Lair:1   | Noticed a six-headed hydra
 16575 | Lair:1   | Found a runed gate.
 16784 | Lair:1   | Found a runed gate.
 16785 | Lair:1   | Found a runed gate.
 16785 | Lair:1   | Noticed Uptarox's ghost (journeyman DECj)
 16787 | Lair:1   | Noticed Oxuza's ghost (novice FeVM)
 16788 | Lair:1   | Noticed Uptarox's ghost (journeyman DECj)
 17498 | Lair:1   | Killed a six-headed hydra
 17498 | Lair:1   | Reached skill level 5 in Necromancy
 17631 | Lair:1   | Reached ***** piety under Okawaru
 17704 | Lair:1   | Received a gift from Okawaru
 17705 | Lair:1   | Got a distressingly furry buckler {god gift}
 17745 | Lair:1   | Identified the +2 buckler of Okawaru's Envy {MR+ rCorr
                  | Dex+2} (Okawaru gifted it to you on level 1 of the Lair of
                  | Beasts)
 17782 | Lair:2   | Reached skill level 5 in Earth Magic
 18318 | Lair:2   | Found a staircase to the Shoals.
 18378 | Lair:2   | Got a shimmering silver amulet
 18393 | Lair:2   | Identified the amulet "Dousarem" {Spirit -Tele rN+ Str+6}
                  | (You found it on level 2 of the Lair of Beasts)
 18789 | Lair:3   | Reached skill level 5 in Invocations
 19709 | Lair:4   | Reached skill level 5 in Spellcasting
 20300 | Lair:4   | Reached XP level 13. HP: 90/90 MP: 18/20
 20307 | Lair:4   | Found a hole to the Spider Nest.
 21159 | Lair:5   | Found a staircase to the Slime Pits.
 21209 | Lair:5   | Found a viscous altar of Jiyva.
 22024 | Lair:5   | Learned a level 4 spell: Animate Dead
 22025 | Lair:6   | Entered Level 6 of the Lair of Beasts
 23028 | Lair:6   | Paralysed by a hornet for 2 turns
 23222 | Lair:6   | Received a gift from Okawaru
 23401 | Lair:6   | Reached skill level 5 in Throwing
 23401 | Lair:6   | Reached XP level 14. HP: 97/98 MP: 21/23
 23478 | Lair:6   | Reached skill level 10 in Fighting
 23495 | Lair:6   | Received a gift from Okawaru
 23570 | Lair:6   | Paralysed by a hornet for 1 turns
 24417 | D:11     | Received a gift from Okawaru
 24689 | D:11     | Found a transporter.
 24704 | D:11     | Found Akaru's Antique Weapon Emporium.
 26885 | D:13     | Learned a level 1 spell: Apportation
 27149 | D:13     | Noticed Erolcha
 27161 | D:13     | Killed Erolcha
 27224 | D:13     | Found a gate to the Vaults.
 27229 | D:13     | Received a gift from Okawaru
 27747 | D:14     | Reached skill level 1 in Stealth
 27747 | D:14     | Reached skill level 10 in Earth Magic
 28441 | D:14     | Noticed a frost giant
 28458 | D:14     | Reached XP level 15. HP: 63/106 MP: 24/26
 28709 | D:14     | Killed a frost giant
 28709 | D:14     | Received a gift from Okawaru
 28908 | D:15     | Entered Level 15 of the Dungeon
 28979 | D:15     | Received a gift from Okawaru
 29527 | D:15     | Found a staircase to the Depths.
 30446 | D:11     | Bought an encrusted rapier for 261 gold pieces
 30448 | D:11     | Identified the +6 rapier of Rooxocsamul {pierce, MR+ Str+4
                  | SInv} (You bought it in a shop on level 11 of the Dungeon)
 30697 | Orc:1    | Entered Level 1 of the Orcish Mines
 30697 | Orc:1    | Found a roughly hewn altar of Beogh.
 30712 | Orc:1    | Received a gift from Okawaru
 30948 | Orc:1    | Noticed Fannar
 31100 | Orc:1    | Found Appam's General Store.
 31108 | Orc:1    | Bought a potion of invisibility for 112 gold pieces
 31108 | Orc:1    | Bought a wand of digging (4) for 224 gold pieces
 31157 | Orc:1    | Killed Fannar
 31157 | Orc:1    | Received a gift from Okawaru
 31328 | Orc:2    | Entered Level 2 of the Orcish Mines
 31328 | Orc:2    | Found a roughly hewn altar of Beogh.
 31388 | Orc:2    | Noticed an orc warlord
 31412 | Orc:2    | Killed an orc warlord
 31668 | Orc:2    | Found a roughly hewn altar of Beogh.
 31736 | Orc:2    | Found a roughly hewn altar of Beogh.
 31797 | Orc:2    | Found a staircase to the Elven Halls.
 31881 | Orc:2    | Noticed Maurice
 31894 | Orc:2    | Killed Maurice
 32124 | Orc:2    | Found a roughly hewn altar of Beogh.
 32129 | Orc:2    | Found Dekkakk's Distillery.
 32201 | Orc:2    | Bought a potion of heal wounds for 65 gold pieces
 32201 | Orc:2    | Bought a potion of agility for 52 gold pieces
 32201 | Orc:2    | Bought a potion of heal wounds for 65 gold pieces
 32201 | Orc:2    | Bought 2 potions of heal wounds for 130 gold pieces
 32201 | Orc:2    | Bought a potion of might for 52 gold pieces
 32201 | Orc:2    | Bought a potion of cancellation for 104 gold pieces
 32426 | Orc:2    | Noticed Saint Roka
 32549 | Orc:2    | Killed Saint Roka
 32549 | Orc:2    | Received a gift from Okawaru
 32886 | Orc:2    | Found a roughly hewn altar of Beogh.
 32924 | Orc:2    | Reached ****** piety under Okawaru
 33055 | Orc:2    | Noticed an orc warlord
 33064 | Orc:2    | Reached XP level 16. HP: 107/114 MP: 18/29
 33081 | Orc:2    | Found Pesoraiv's Antique Armour Emporium.
 33163 | Orc:2    | Found a roughly hewn altar of Beogh.
 33166 | Orc:2    | Found Limufun's Antique Weapon Shoppe.
 33320 | Orc:2    | Found a roughly hewn altar of Beogh.
 33336 | Orc:2    | Found Pumiep's Gadget Emporium.
 33608 | Elf:1    | Entered Level 1 of the Elven Halls
 33675 | Elf:1    | Found a runed gate.
 33676 | Elf:1    | Found a runed gate.
 33730 | Elf:1    | Noticed a tentacled monstrosity
 33731 | Elf:1    | Found a runed gate.
 33736 | Elf:1    | Noticed a tentacled monstrosity
 33737 | Elf:1    | Noticed a tentacled monstrosity
 33752 | Elf:1    | Found Modiohum's Assorted Antiques.
 33779 | Elf:1    | Found Mirurgh's Antique Armour Shop.
 33779 | Elf:1    | Found Iwnezou's Book Boutique.
 33828 | Elf:1    | Found Edgheb's Book Boutique.
 34810 | Elf:1    | Received a gift from Okawaru
 35173 | Elf:1    | Received a gift from Okawaru
 35637 | Elf:2    | Reached skill level 10 in Evocations
 36554 | Elf:2    | Found Faphiaqo's Antique Armour Emporium.
 36596 | Elf:2    | Reached skill level 10 in Spellcasting
 36615 | Elf:2    | HP: 5/118 [glaive of protection (29)]
 36791 | Elf:2    | Reached XP level 17. HP: 94/124 MP: 31/31
 37063 | Elf:2    | Received a gift from Okawaru
 37091 | Elf:2    | Found a runed door.
 37119 | Elf:2    | Found a runed door.
 37242 | Elf:3    | Entered Level 3 of the Elven Halls
 37254 | Elf:3    | Found a flickering gateway to a bazaar.
 37261 | Bazaar   | Entered a bazaar
 37261 | Bazaar   | Found Deudduurr's Antique Armour Shoppe.
 37261 | Bazaar   | Found Abiotti's Food Emporium.
 37262 | Bazaar   | Found Gysyxag's Assorted Antiques.
 37262 | Bazaar   | Found Paeden's Food Emporium.
 37302 | Bazaar   | Bought a scroll of enchant weapon for 172 gold pieces
 37302 | Bazaar   | Bought a wand of acid (9) for 184 gold pieces
 37384 | Elf:3    | Reached skill level 1 in Transmutations
 37567 | Elf:3    | Found Wobbuq's Armour Shop.
 37578 | Elf:3    | Reached skill level 1 in Summonings
 37738 | Elf:3    | Found Uneusuvi's General Store.
 37889 | Elf:3    | Noticed a deep elf blademaster
 37943 | Elf:3    | Received a gift from Okawaru
 38073 | Elf:3    | Found Estroliogg's Jewellery Emporium.
 38485 | Elf:3    | Identified the +4 quarterstaff "Beetle's Funeral" {venom,
                  | MR+}
 38591 | Elf:3    | Noticed a Tzitzimitl
 38663 | Elf:3    | Killed from afar by a deep elf annihilator

Vault maps used:
D:1:      eino_arrival_cavern_b
D:2:      chequers_temple_overflow_statue_of_worship, first_ration,
          supply_closet_lemuel
D:3:      chequers_ecumenical_altar_island
D:4:      minmay_temple_entry_grid, serial_shops, shop,
          chequers_serial_rivers_micro_d
D:6:      serial_undead, serial_undead_a, serial_undead_b, serial_undead_e,
          serial_undead_e, cheibrodos_worm_habitat
D:7:      okawaru_trees_1, uniq_duvessa
D:8:      nemelex_xobeh_ov_fountains_minmay, basic_altar
D:10:     erik_lair_orcish_takeover, erik_orc_4, enter_trove_5,
          hangedman_fish_farm
D:11:     serial_shops, shop, gammafunk_ghost_arena, sword_in_stone
D:12:     hangedman_weighted_door, basic_loot_grate_trap,
          hangedman_abyss_or_decor_stabs
D:13:     minmay_the_grid_four_pointed_star, david_vaults_1, abandoned_shop,
          minmay_misc_feat_plants, minmay_fountain_box, lemuel_nasty_fountain,
          uniq_erolcha
D:14:     minmay_glassy_protrusions, kennysheep_decorative_pillar
D:15:     gammafunk_depths_entry_grave, minivault_4, skrybe_limestone_x
Temple:   eino_narrow_crystal_temple
Lair:1:   gammafunk_ghost_cemetery, lemuel_fruit_tree, serial_bayou_shore_b,
          infiniplex_staircase_pool, uniq_sonja
Lair:2:   minmay_shoals_entry_hut, serial_bayou_shore_a
Lair:3:   infiniplex_staircase_pool_2, grunt_megastairs_5
Lair:4:   nicolae_spider_entry_tight_spaces, serial_bayou_pond_d, st_stairs_4,
          wad_woods_river_01, serial_bayou_shore_b
Lair:5:   slime_altar_1
Lair:6:   gammafunk_lair_ancient_temple
Orc:1:    serial_shops, shop, basic_altar, uniq_fannar
Orc:2:    grunt_orc_community_town_hall, grunt_orc_community_big_house_2,
          grunt_orc_community_big_house_2, grunt_orc_community_house_2,
          grunt_orc_community_house_2, grunt_orc_community_house_3,
          grunt_orc_community_house_2, grunt_orc_community_house_2,
          grunt_orc_community_house_1, basic_altar, uniq_maurice,
          uniq_saint_roka
Elf:1:    ploomutoo_gammafunk_ghost_potion_laboratory, minivault_28,
          minmay_shoptagon, grunt_megastairs_1
Elf:2:    serial_shops, shop
Elf:3:    minmay_elf_hall_dome, serial_shops, bzr_entry_islet, shop_fountains,
          shop, shop_statue, nicolae_shop_temple_entry_statues_fountains,
          st_stairs_11, lemuel_flame_loot_1
Bazaar:   bazaar_minmay_row

Skill      XL: |  1  2  3  4  5  6  7  8  9 10 11 12 13 14 15 16 17 |
---------------+----------------------------------------------------+-----
Dodging        | 4 5 6 8 9 10 11 12 13 14 | 14.5
Fighting       | 3 4 5 6 7 8 9 11 12 13 14 | 14.1
Long Blades    | 4 5 6 7 8 9 |  9.0
Evocations     | 2 4 5 6 7 8 10 11 | 11.1
Invocations    | 1 4 5 |  5.0
Poison Magic   | 2 |  2.0
Shields        | 2 4 |  4.0
Conjurations   | 1 |  1.0
Air Magic      | 2 3 |  3.0
Spellcasting   | 1 3 5 6 7 9 10 | 10.6
Necromancy     | 1 3 6 8 |  8.0
Earth Magic    | 3 6 8 10 11 | 11.0
Throwing       | 5 |  5.0
Stealth        | 2 |  2.1
Transmutations | 4 |  4.5
Summonings     | 3 |  3.0

Action                   |  1- 3 |  4- 6 |  7- 9 | 10-12 | 13-15 | 16-18 || total
-------------------------+-------+-------+-------+-------+-------+-------++-------
Melee: Long sword        |    53 |   134 |    38 |   656 |    17 |       ||   898
       Constrict         |    21 |    45 |    76 |   105 |   169 |   102 ||   518
       Tentacles         |    12 |    31 |    82 |   226 |   513 |   177 ||  1041
       Short sword       |       |       |   260 |       |       |       ||   260
       Punch             |       |       |     2 |    26 |    56 |    25 ||   109
       Scimitar          |       |       |       |       |  1251 |   488 ||  1739
       Dagger            |       |       |       |       |     1 |       ||     1
 Fire: Hunting sling     |       |       |    25 |       |       |       ||    25
       Blowgun           |       |       |       |       |     1 |       ||     1
Throw: Stone             |       |     3 |       |       |       |       ||     3
       Tomahawk          |       |     3 |     8 |    25 |    12 |       ||    48
       Javelin           |       |       |       |     1 |    23 |     5 ||    29
 Cast: Animate Skeleton  |       |       |       |    50 |    88 |       ||   138
       Mephitic Cloud    |       |       |       |     1 |       |       ||     1
       Apportation       |       |       |       |       |    13 |     2 ||    15
       Borgnjor's Vile C |       |       |       |       |    34 |    25 ||    59
       Animate Dead      |       |       |       |       |     4 |     1 ||     5
       Statue Form       |       |       |       |       |       |     1 ||     1
Invok: Heroism           |       |       |     4 |    34 |    64 |    27 ||   129
Evoke: Wand              |       |       |    18 |    28 |    17 |     2 ||    65
       Phial of floods   |       |       |       |       |       |     2 ||     2
  Use: Potion            |       |     4 |     1 |     5 |     7 |    12 ||    29
       Scroll            |       |       |    14 |    12 |    11 |     5 ||    42
 Stab: Sleeping          |     4 |     4 |     8 |     4 |    11 |    10 ||    41
       Distracted        |     1 |     1 |       |     3 |     5 |     2 ||    12
       Paralysed         |       |       |       |     4 |    13 |       ||    17
  Eat: Chunk             |     2 |    10 |    12 |    32 |    25 |    14 ||    95
       Ration            |       |       |     1 |     1 |     8 |     4 ||    14
Armor: Skin              |    11 |     4 |     9 |    41 |    91 |    29 ||   185
Dodge: Dodged            |    44 |    83 |   184 |   490 |  1071 |   333 ||  2205
Block: Buckler           |       |       |       |   158 |   473 |   140 ||   771
       Rpst.: Long sword |    11 |    25 |    10 |   147 |     6 |       ||   199
       Scimitar          |       |       |       |       |   242 |    67 ||   309

Table legend:
 A = Non-vault XP
 B = Vault XP
 C = Vault XP percentage of total XP
 D = Non-vault monster count
 E = Vault monster count
 F = Vault count percentage of total count
                 A         B        C        D         E       F
            +---------+---------+-------+---------+---------+-------
      Total |  140103 |   80369 |  36.5 |     701 |     243 |  25.7
            +---------+---------+-------+---------+---------+-------
        D:1 |      63 |       0 |   0.0 |      30 |       0 |   0.0
        D:2 |     161 |       0 |   0.0 |      34 |       0 |   0.0
        D:3 |     214 |       0 |   0.0 |      31 |       0 |   0.0
        D:4 |     548 |       0 |   0.0 |      16 |       0 |   0.0
        D:5 |     371 |       0 |   0.0 |      15 |       0 |   0.0
        D:6 |    1614 |     132 |   7.6 |      28 |       8 |  22.2
        D:7 |    1235 |     277 |  18.3 |      22 |       2 |   8.3
        D:8 |    1338 |       0 |   0.0 |      19 |       0 |   0.0
        D:9 |    1677 |       0 |   0.0 |      16 |       0 |   0.0
       D:10 |    4262 |    2383 |  35.9 |      43 |      25 |  36.8
       D:11 |    3270 |    3517 |  51.8 |      30 |       5 |  14.3
       D:12 |    3591 |     593 |  14.2 |      16 |       5 |  23.8
       D:13 |    6345 |    6224 |  49.5 |      22 |      20 |  47.6
       D:14 |    4862 |    4739 |  49.4 |      20 |       5 |  20.0
       D:15 |   12700 |    3899 |  23.5 |      44 |       8 |  15.4
     Lair:1 |    7014 |     807 |  10.3 |      37 |       1 |   2.6
     Lair:2 |    2448 |       0 |   0.0 |      13 |       0 |   0.0
     Lair:3 |    2014 |       0 |   0.0 |      13 |       0 |   0.0
     Lair:4 |    1046 |    2943 |  73.8 |       7 |      14 |  66.7
     Lair:5 |    7270 |    2075 |  22.2 |      29 |       8 |  21.6
     Lair:6 |   10599 |    6926 |  39.5 |      41 |      18 |  30.5
      Orc:1 |    3547 |     985 |  21.7 |      33 |       1 |   2.9
      Orc:2 |    6006 |   14374 |  70.5 |      52 |      84 |  61.8
      Elf:1 |   19283 |   13678 |  41.5 |      31 |      23 |  42.6
      Elf:2 |   18857 |    3240 |  14.7 |      30 |       4 |  11.8
      Elf:3 |   19768 |   13577 |  40.7 |      29 |      12 |  29.3
            +---------+---------+-------+---------+---------+-------
